3A
COLUMBIA RIVER RATS @ MT. VERNON BULLS
07/28/2034
 
TOP OF THE 1ST
Columbia River Rats batting - Pitching for Mt. Vernon Bulls : RHP Jesús Lemus
Pitching: RHP Jesús Lemus
Batting: LHB Kevin McIndeor 0-0: Ball
1-0: Bunt for hit - play at first, batter safe!
Batting: RHB Tyler Marés 0-0: Foul Ball, location: 2F
0-1: Called Strike
0-2: Ball
1-2: Strikes out swinging
Batting: RHB Tyler Bowen 0-0: Called Strike
0-1: Ball
1-1: SINGLE (Groundball, 34D)
Kevin McIndeor to second
Runner from 2nd tries for 3rd, SAFE, no throw
Batting: SHB Brian Burt 0-0: Ball
1-0: Ball
2-0: Ball
3-0: Called Strike
3-1: Base on Balls
Tyler Bowen to second
Batting: RHB Don Skerrett 0-0: Ball
1-0: Ball
2-0: Called Strike
2-1: Ball
3-1: Foul Ball, location: 2F
3-2: Foul Ball, location: 2F
3-2: Base on Balls
Kevin McIndeor scores
Tyler Bowen to third
Brian Burt to second
Batting: RHB Tae-wan Park 0-0: Foul Ball, location: 2F
0-1: Ball
1-1: Grounds into double play, 5-4-3 (Groundball, 56)
Top of the 1st over - 1 run, 2 hits, 0 errors, 2 left on base; Columbia 1 - Mt. Vernon 0
BOTTOM OF THE 1ST
Mt. Vernon Bulls batting - Pitching for Columbia River Rats : RHP Kaaleppi Seppänen
Pitching: RHP Kaaleppi Seppänen
Batting: SHB Fergus Stidston 0-0: Ball
1-0: Ball
2-0: Foul Ball, location: 2F
2-1: Foul Ball, location: 2F
2-2: Foul Ball, location: 2F
2-2: Foul Ball, location: 2F
2-2: Ball
3-2: Ground out 4-3 (Groundball, 4M)
Batting: RHB Kamakakoa Kaponianani 0-0: Ball
1-0: Swinging Strike
1-1: Foul Ball, location: 2F
1-2: Ball
2-2: Foul Ball, location: 2F
2-2: Foul Ball, location: 2F
2-2: Ball
3-2: Strikes out swinging
Batting: LHB Tomás Muinos 0-0: Called Strike
0-1: Ball
1-1: Called Strike
1-2: Ground out 6-3 (Groundball, 6M)
Bottom of the 1st over - 0 runs, 0 hits, 0 errors, 0 left on base; Columbia 1 - Mt. Vernon 0
TOP OF THE 2ND
Columbia River Rats batting - Pitching for Mt. Vernon Bulls : RHP Jesús Lemus
Batting: RHB Marcos Martínez 0-0: Ball
1-0: SINGLE (Groundball, 56D)
Batting: RHB Ximena Ortíz 0-0: Foul Ball, location: 2F
0-1: Ball
1-1: Ball
2-1: Ball
3-1: Called Strike
3-2: Base on Balls
Marcos Martínez to second
Batting: RHB José Palma 0-0: Ball
1-0: Foul Ball, location: 2F
1-1: Fly out, F3 (Popup, 34S)
Batting: LHB Kevin McIndeor 0-0: Ball
1-0: Foul Ball, location: 2F
1-1: Ball
2-1: Foul Ball, location: 2F
2-2: Ball
3-2: Foul Ball, location: 2F
3-2: Foul Ball, location: 2F
3-2: Ground out 3-1 (Groundball, 34S)
Marcos Martínez to third
Ximena Ortíz to second
Batting: RHB Tyler Marés 0-0: Ball
1-0: Called Strike
1-1: Ball
2-1: Swinging Strike
2-2: Strikes out looking
Top of the 2nd over - 0 runs, 1 hit, 0 errors, 2 left on base; Columbia 1 - Mt. Vernon 0
BOTTOM OF THE 2ND
Mt. Vernon Bulls batting - Pitching for Columbia River Rats : RHP Kaaleppi Seppänen
Batting: RHB Phil Gillespie 0-0: Called Strike
0-1: Called Strike
0-2: Ball
1-2: Strikes out swinging
Batting: LHB Abraham Koen 0-0: Ball
1-0: SINGLE (Line Drive, 3S)
Batting: LHB Lou Downes 0-0: Called Strike
0-1: SINGLE (Line Drive, 8LS)
Abraham Koen to second
Batting: SHB Roy Snider 0-0: Called Strike
0-1: Ball
1-1: Foul Ball, location: 2F
1-2: 3-RUN HOME RUN (Flyball, 9LD), Distance : 363 ft
Batting: RHB Hsin-ping Teoh 0-0: Called Strike
0-1: Ball
1-1: Swinging Strike
1-2: Strikes out swinging
Batting: RHB De-wei Mo 0-0: Called Strike
0-1: Foul Ball, location: 2F
0-2: Ball
1-2: Ball
2-2: Strikes out looking
Bottom of the 2nd over - 3 runs, 3 hits, 0 errors, 0 left on base; Columbia 1 - Mt. Vernon 3
TOP OF THE 3RD
Columbia River Rats batting - Pitching for Mt. Vernon Bulls : RHP Jesús Lemus
Batting: RHB Tyler Bowen 0-0: Called Strike
0-1: Ground out 6-3 (Groundball, 6M)
Batting: SHB Brian Burt 0-0: Ball
1-0: Ball
2-0: Foul Ball, location: 2F
2-1: Ball
3-1: Base on Balls
Batting: RHB Don Skerrett 0-0: Ball
1-0: Called Strike
1-1: Ball
2-1: Foul Ball, location: 2F
2-2: Ball
3-2: Foul Ball, location: 2F
3-2: Grounds into double play, 4-6-3 (Groundball, 4)
Top of the 3rd over - 0 runs, 0 hits, 0 errors, 0 left on base; Columbia 1 - Mt. Vernon 3
BOTTOM OF THE 3RD
Mt. Vernon Bulls batting - Pitching for Columbia River Rats : RHP Kaaleppi Seppänen
Batting: SHB Fergus Stidston 0-0: Called Strike
0-1: Ball
1-1: Ball
2-1: Ball
3-1: Base on Balls
Batting: RHB Kamakakoa Kaponianani 0-0: Reached on error, E5 (Groundball, 5L)
Fergus Stidston to second
Batting: LHB Tomás Muinos 0-0: Called Strike
0-1: SINGLE (Line Drive, 8LS)
Fergus Stidston to third
Kamakakoa Kaponianani to second
Batting: RHB Phil Gillespie 0-0: Called Strike
0-1: Ball
1-1: Swinging Strike
1-2: Ball
2-2: Strikes out swinging
Batting: LHB Abraham Koen 0-0: Called Strike
0-1: Ball
1-1: Foul Ball, location: 2F
1-2: Ball
2-2: Strikes out swinging
Batting: LHB Lou Downes 0-0: Ball
1-0: Ball
2-0: Called Strike
2-1: Called Strike
2-2: Foul Ball, location: 2F
2-2: SINGLE (Line Drive, 6MD)
Fergus Stidston scores
Kamakakoa Kaponianani to third
Tomás Muinos to second
Runner from 3rd tries for Home, SAFE, throw made home
Batting: SHB Roy Snider 0-0: Ball
1-0: Called Strike
1-1: Swinging Strike
1-2: Ball
2-2: Ball
3-2: Foul Ball, location: 2F
3-2: Strikes out looking
Bottom of the 3rd over - 2 runs, 2 hits, 1 error, 2 left on base; Columbia 1 - Mt. Vernon 5
TOP OF THE 4TH
Columbia River Rats batting - Pitching for Mt. Vernon Bulls : RHP Jesús Lemus
Batting: RHB Tae-wan Park 0-0: Swinging Strike
0-1: Ball
1-1: Ball
2-1: Ball
3-1: Foul Ball, location: 2F
3-2: Fly out, F2 (Popup, 2RF)
Batting: RHB Marcos Martínez 0-0: Fly out, F4 (Line Drive, 4M)
Batting: RHB Ximena Ortíz 0-0: Ball
1-0: SINGLE (Groundball, 6MD)
Batting: RHB José Palma 0-0: Ball
Ximena Ortíz steals 2nd base
1-0: Ball
2-0: Called Strike
2-1: Called Strike
2-2: Ball
3-2: Base on Balls
Batting: LHB Kevin McIndeor 0-0: Swinging Strike
0-1: Ball
1-1: Called Strike
1-2: Strikes out swinging, 2-3 out at first.
Top of the 4th over - 0 runs, 1 hit, 0 errors, 2 left on base; Columbia 1 - Mt. Vernon 5
BOTTOM OF THE 4TH
Mt. Vernon Bulls batting - Pitching for Columbia River Rats : RHP Kaaleppi Seppänen
Batting: RHB Hsin-ping Teoh 0-0: Ground out 5-3 (Groundball, 56)
Batting: RHB De-wei Mo 0-0: Foul Ball, location: 2F
0-1: Foul Ball, location: 2F
0-2: Ground out 5-3 (Groundball, 56S)
Batting: SHB Fergus Stidston 0-0: Foul Ball, location: 2F
0-1: Ball
1-1: Called Strike
1-2: Ball
2-2: Foul Ball, location: 2F
2-2: Foul Ball, location: 2F
2-2: Strikes out swinging
Bottom of the 4th over - 0 runs, 0 hits, 0 errors, 0 left on base; Columbia 1 - Mt. Vernon 5
TOP OF THE 5TH
Columbia River Rats batting - Pitching for Mt. Vernon Bulls : RHP Jesús Lemus
Batting: RHB Tyler Marés 0-0: Ground out 6-3 (Groundball, 6)
Batting: RHB Tyler Bowen 0-0: Fly out, F8 (Line Drive, 78XD)
Batting: SHB Brian Burt 0-0: Ball
1-0: Swinging Strike
1-1: Ball
2-1: Ball
3-1: Foul Ball, location: 2F
3-2: Strikes out looking
Top of the 5th over - 0 runs, 0 hits, 0 errors, 0 left on base; Columbia 1 - Mt. Vernon 5
BOTTOM OF THE 5TH
Mt. Vernon Bulls batting - Pitching for Columbia River Rats : RHP Kaaleppi Seppänen
Batting: RHB Kamakakoa Kaponianani 0-0: Called Strike
0-1: Fly out, F7 (Line Drive, 78S)
Batting: LHB Tomás Muinos 0-0: Foul Ball, location: 2F
0-1: Ball
1-1: SINGLE (Line Drive, 7S)
Batting: RHB Phil Gillespie 0-0: Ball
1-0: Grounds into double play, 6-4-3 (Groundball, 6)
Bottom of the 5th over - 0 runs, 1 hit, 0 errors, 0 left on base; Columbia 1 - Mt. Vernon 5
TOP OF THE 6TH
Columbia River Rats batting - Pitching for Mt. Vernon Bulls : RHP Jesús Lemus
Batting: RHB Don Skerrett 0-0: SINGLE (Line Drive, 7S)
Batting: RHB Tae-wan Park 0-0: Ball
Balk!
Don Skerrett to second
1-0: Ball
2-0: Foul Ball, location: 2F
2-1: Foul Ball, location: 2F
2-2: Strikes out swinging
Batting: RHB Marcos Martínez 0-0: Ball
1-0: Ground out 6-3 (Groundball, 6)
Batting: RHB Ximena Ortíz 0-0: Ball
1-0: Ball
2-0: Ball
3-0: Base on Balls
Batting: RHB José Palma 0-0: Foul Ball, location: 2F
0-1: Ball
1-1: Ball
2-1: Swinging Strike
2-2: Strikes out looking
Top of the 6th over - 0 runs, 1 hit, 0 errors, 2 left on base; Columbia 1 - Mt. Vernon 5
BOTTOM OF THE 6TH
Mt. Vernon Bulls batting - Pitching for Columbia River Rats : RHP Kaaleppi Seppänen
Batting: LHB Abraham Koen 0-0: Ball
1-0: Swinging Strike
1-1: SINGLE (Flyball, 8RS)
Batting: LHB Lou Downes 0-0: Bunt missed!
0-1: Sac Bunt - play at first, batter OUT! 2-4
Abraham Koen to second
Batting: SHB Roy Snider 0-0: Called Strike
0-1: Ground out 6-3 (Groundball, 6)
Batting: RHB Hsin-ping Teoh 0-0: Ground out 6-3 (Groundball, 6)
Bottom of the 6th over - 0 runs, 1 hit, 0 errors, 1 left on base; Columbia 1 - Mt. Vernon 5
TOP OF THE 7TH
Columbia River Rats batting - Pitching for Mt. Vernon Bulls : RHP Jesús Lemus
Batting: LHB Kevin McIndeor 0-0: Ball
1-0: Swinging Strike
1-1: Foul Ball, location: 2F
1-2: Ball
2-2: Strikes out swinging
Batting: RHB Tyler Marés 0-0: Foul Ball, location: 2F
0-1: Swinging Strike
0-2: Ball
1-2: Fly out, F6 (Line Drive, 6)
Batting: RHB Tyler Bowen 0-0: DOUBLE (Line Drive, 89M)
Pitching: RHP Sergio Granados
Batting: SHB Brian Burt 0-0: Swinging Strike
0-1: Ball
1-1: Foul Ball, location: 2F
1-2: Foul Ball, location: 2F
1-2: Foul Ball, location: 2F
1-2: Strikes out looking
Top of the 7th over - 0 runs, 1 hit, 0 errors, 1 left on base; Columbia 1 - Mt. Vernon 5
BOTTOM OF THE 7TH
Mt. Vernon Bulls batting - Pitching for Columbia River Rats : RHP Kaaleppi Seppänen
Batting: RHB De-wei Mo 0-0: Ball
1-0: DOUBLE (Flyball, 78D)
Batting: SHB Fergus Stidston 0-0: Intentional Walk
Pitching: LHP Clyde Bavin
Batting: RHB Kamakakoa Kaponianani 0-0: Foul Ball, location: 2F
0-1: Ball
1-1: Fly out, F3 (Popup, 34S)
Batting: LHB Tomás Muinos 0-0: Ball
1-0: Ball
2-0: Called Strike
2-1: SINGLE (Groundball, 25) (infield hit)
De-wei Mo to third
Fergus Stidston to second
Batting: RHB Phil Gillespie 0-0: Called Strike
0-1: Ball
1-1: Called Strike
1-2: Ball
2-2: Strikes out looking
Batting: LHB Abraham Koen 0-0: Swinging Strike
0-1: Ball
1-1: Called Strike
1-2: Strikes out swinging
Bottom of the 7th over - 0 runs, 2 hits, 0 errors, 3 left on base; Columbia 1 - Mt. Vernon 5
TOP OF THE 8TH
Columbia River Rats batting - Pitching for Mt. Vernon Bulls : RHP Sergio Granados
Batting: RHB Don Skerrett 0-0: Called Strike
0-1: Foul Ball, location: 2F
0-2: Foul Ball, location: 2F
0-2: Ball
1-2: Strikes out swinging
Batting: RHB Tae-wan Park 0-0: Ball
1-0: Swinging Strike
1-1: Ball
2-1: Fly out, F9 (Flyball, 9D)
Batting: RHB Marcos Martínez 0-0: Called Strike
0-1: Foul Ball, location: 2F
0-2: Strikes out swinging
Top of the 8th over - 0 runs, 0 hits, 0 errors, 0 left on base; Columbia 1 - Mt. Vernon 5
BOTTOM OF THE 8TH
Mt. Vernon Bulls batting - Pitching for Columbia River Rats : LHP Clyde Bavin
Batting: LHB Lou Downes 0-0: Called Strike
0-1: Ground out 6-3 (Groundball, 6)
Batting: SHB Roy Snider 0-0: Called Strike
0-1: Foul Ball, location: 2F
0-2: Hit by Pitch
Batting: RHB Hsin-ping Teoh 0-0: Called Strike
0-1: Foul Ball, location: 2F
0-2: Grounds into double play, 6-4-3 (Groundball, 6)
Bottom of the 8th over - 0 runs, 0 hits, 0 errors, 0 left on base; Columbia 1 - Mt. Vernon 5
TOP OF THE 9TH
Columbia River Rats batting - Pitching for Mt. Vernon Bulls : RHP Sergio Granados
Batting: RHB Ximena Ortíz 0-0: Called Strike
0-1: Ball
1-1: Ball
2-1: Ball
3-1: Swinging Strike
3-2: Strikes out swinging
Batting: RHB José Palma 0-0: Called Strike
0-1: Ball
1-1: Foul Ball, location: 2F
1-2: Fly out, F8 (Flyball, 8LD)
Batting: LHB Kevin McIndeor 0-0: Foul Ball, location: 2F
0-1: Ball
1-1: Ball
2-1: SINGLE (Groundball, 5) (infield hit)
Batting: RHB Tyler Marés 0-0: Foul Ball, location: 2F
0-1: Fly out, F7 (Line Drive, 7D)
Top of the 9th over - 0 runs, 1 hit, 0 errors, 1 left on base; Columbia 1 - Mt. Vernon 5
Friday, March 29th, 2019 - OOTP Baseball 18.8 Build 76